 Dungeon Crawl Stone Soup version 0.25.0-46-gbd7b0854d2 (webtiles) character file.

Game seed: 7983737199592648367

184 Ethylacetat the Shooter (level 5, -2/49 HPs)
             Began as a Naga Hunter on July 12, 2020.
             Slain by a bullfrog skeleton (3 damage)
             ... on level 4 of the Dungeon.
             The game lasted 00:03:42 (2796 turns).

Ethylacetat the Shooter (Naga Hunter)               Turns: 2796, Time: 00:03:43

Health: -2/49      AC:  3    Str: 16    XL:     5   Next: 64%
Magic:  5/5        EV: 10    Int: 11    God:
Gold:   198        SH:  0    Dex: 17    Spells: 4/4 levels left

rFire    . . .     SeeInvis +   k - +2 short sword (venom)
rCold    . . .     Gourm    .   (no shield)
rNeg     . . .     Faith    .   c - +0 leather armour
rPois    +         Spirit   .   (no helmet)
rElec    .         Reflect  .   (no cloak)
rCorr    .         Harm     .   (no gloves)
MR       .....                  (no barding)
Stlth    ++........             (no amulet)
HPRegen  0.16/turn              h - +6 ring of dexterity
MPRegen  0.09/turn              i - ring of wizardry

@: very slow
A: large, see invisible, deformed body, poison resistance, slowness 2, slow
metabolism 1, spit poison 1, AC +1
a: Spit Poison


You were on level 4 of the Dungeon.
You were not hungry.

You visited 1 branch of the dungeon, and saw 4 of its levels.

You collected 198 gold pieces.

Inventory:

Hand Weapons
 a - a +1 shortbow
 k - a +2 short sword of venom (weapon)
Missiles
 d - 41 arrows
 q - 2 throwing nets (quivered)
Armour
 c - a +0 leather armour (worn)
Jewellery
 h - a +6 ring of dexterity (left hand)
 i - a ring of wizardry (right hand)
Scrolls
 g - 2 scrolls of enchant weapon {unknown}
 j - 2 scrolls of amnesia {unknown}
 n - 3 scrolls of blinking {unknown}
 o - a scroll of immolation {unknown}
 p - a scroll of teleportation {unknown}
 s - a scroll of fear {unknown}
 t - a scroll of identify {unknown}
 y - a scroll of noise {unknown}
 B - a scroll of magic mapping {unknown}
Potions
 b - a potion of mutation {unknown}
 e - 2 potions of ambrosia {unknown}
 l - 2 potions of curing {unknown}
 m - a potion of lignification {unknown}
 r - a potion of stabbing {unknown}
 u - a potion of cancellation {unknown}
 v - a potion of degeneration {unknown}
 w - a potion of might {unknown}
 x - a potion of flight {unknown}
 A - 2 potions of heal wounds {unknown}
Comestibles
 f - 9 rations


   Skills:
 + Level 3.5 Fighting
 * Level 5.4 Bows
 - Level 1.5 Dodging
 - Level 1.5 Stealth


You had 4 spell levels left.
You didn't know any spells.
Your spell library was empty.

Dungeon Overview and Level Annotations

Branches:
Dungeon (4/15)
 Temple: D:4-7

Altars:
Trog


Innate Abilities, Weirdness & Mutations

You cannot wear boots.
Your serpentine skin is tough. (AC +1)
You have supernaturally acute eyesight. (SInv)
Armour fits poorly on your strangely shaped body.
Your system is resistant to poisons. (rPois)
You cover ground very slowly.
You have a slow metabolism.
You can spit poison.


Message History

* * * LOW HITPOINT WARNING * * *
You hit the bullfrog skeleton.
The bullfrog skeleton is heavily damaged.
The bullfrog skeleton barely misses you.
You hit the bullfrog skeleton.
The bullfrog skeleton is heavily damaged.
The bullfrog skeleton hits you.
* * * LOW HITPOINT WARNING * * *
The bullfrog skeleton hits you.
* * * LOW HITPOINT WARNING * * *
You hit the bullfrog skeleton.
The bullfrog skeleton is severely damaged.
The bullfrog skeleton hits you.
* * * LOW HITPOINT WARNING * * *
You hit the bullfrog skeleton but do no damage.
The bullfrog skeleton is severely damaged.
The bullfrog skeleton hits you.
* * * LOW HITPOINT WARNING * * *
The bullfrog skeleton hits you.
You die...

#. #...# .... #.#
#...####..# #.# +.....
.... ####.# #...# #..#
.....#+###...####..#
#####............##..#
......................
####!................
#..†@†.............>.
......Z###+###..........
.#.#..# #####.....# #.#
#.###.# ... #.# #.# ...
#.###.# ##. #.#...# #.
#.### #.#


You could see a bullfrog skeleton.

Vanquished Creatures
  A howler monkey (D:4)
  An orc priest (D:3)
  A hound (D:4)
  3 adders
  2 dart slugs
  A leopard gecko (D:1)
  6 orcs (D:3)
  A giant cockroach (D:2)
  8 hobgoblins
  2 jackals (D:2)
  8 kobolds
  A quokka (D:2)
  A ball python (D:3)
  5 bats
  2 frilled lizards
  5 goblins
  5 rats
53 creatures vanquished.

Notes
Turn   | Place    | Note
-------+----------+-------------------------------------------
     0 | D:1      | Ethylacetat the Naga Hunter began the quest for the Orb.
     0 | D:1      | Reached XP level 1. HP: 19/19 MP: 1/1
   502 | D:1      | Reached XP level 2. HP: 26/26 MP: 2/2
   613 | D:1      | Reached skill level 4 in Bows
  1167 | D:2      | Reached XP level 3. HP: 33/33 MP: 3/3
  1265 | D:2      | Found a faded altar of an unknown god.
  1862 | D:3      | Reached XP level 4. HP: 38/40 MP: 4/4
  2399 | D:3      | Found a bloodstained altar of Trog.
  2406 | D:3      | Reached skill level 5 in Bows
  2780 | D:4      | Reached XP level 5. HP: 47/49 MP: 5/5
  2796 | D:4      | HP: 1/49 [bullfrog skeleton (3)]
  2796 | D:4      | Slain by a bullfrog skeleton

Illustrated notes

Levels and vault maps discovered:
D:1:      dpeg_arrival_pond, layout_rooms, minmay_tromino_i4
D:2:      layout_loops_ring, chequers_ecumenical_altar_simple
D:3:      layout_loops_ring, nicolae_overflow_crystal_walls
D:4:      layout_basic, grunt_temple_overflow_opulence,
          amethyst_overflow_temple_binary, first_ration

Skill      XL: |  1  2  3  4 |
---------------+-------------+-----
Bows           | 4 5 |  5.4
Fighting       | 3 |  3.5
Dodging        | |  1.5
Stealth        | |  1.5

Action                   |  1- 3 |  4- 6 || total
-------------------------+-------+-------++-------
Melee: Short sword       |    91 |    49 ||   140
 Abil: Spit Poison       |     5 |     1 ||     6
 Stab: Sleeping          |     3 |     2 ||     5
       Distracted        |     1 |       ||     1
  Eat: Chunk             |     2 |     3 ||     5
Armor: Leather armour    |     9 |    11 ||    20
Dodge: Dodged            |    45 |    34 ||    79
